 Dungeon Crawl Stone Soup version 0.31-a0-145-g046c7d2549 (webtiles) character file.

Game seed: 3987960163764436940

223 qw the Shooter (level 5, -3/47 HPs)
             Began as a Minotaur Hunter on June 7, 2023.
             Slain by an orc
             ... wielding a +0 morningstar
              (9 damage)
             ... on level 4 of the Dungeon.
             The game lasted 00:01:10 (2242 turns).

qw the Shooter (Minotaur Hunter)                    Turns: 2242, Time: 00:01:11

Health: -3/47      AC:  5    Str: 15    XL:     5   Next: 66%
Magic:  4/4        EV: 11    Int:  6    God:
Gold:   177        SH:  0    Dex: 16    Spells: 4/4 levels left

rFire   . . .        Y - +1 shortbow
rCold   . . .        (shield currently unavailable)
rNeg    . . .        i - +0 ring mail
rPois   +            (helmet restricted)
rElec   .            (no cloak)
rCorr   .            (no gloves)
SInv    .            (no boots)
Will    .....        (no amulet)
Stlth   +            f - ring of poison resistance
HPRegen 0.27/turn    (no ring)
MPRegen 0.09/turn

%: no passive effects
@: about to teleport
A: horns 2, retaliatory headbutt
a: no special abilities


You were on level 4 of the Dungeon.
You visited 1 branch of the dungeon, and saw 4 of its levels.

You collected 177 gold pieces.


Innate Abilities, Weirdness & Mutations

You have a pair of horns on your head.
You reflexively headbutt those who attack you in melee.


   Skills:
 - Level 4.4 Fighting
 + Level 6.7 Ranged Weapons
 - Level 1.3 Armour
 - Level 2.1 Dodging
 - Level 0.7 Stealth


You had 4 spell levels left.
You didn't know any spells.
Your spell library was empty.

Inventory:

Hand Weapons
 Y - a +1 shortbow (weapon)
Armour
 i - a +0 ring mail (worn)
Jewellery
 a - a ring of ice
 f - a ring of poison resistance (left hand)
Potions
 c - a potion of attraction {unknown}
 e - 2 potions of curing
 g - a potion of heal wounds {unknown}
 h - a potion of resistance {unknown}
 l - a potion of ambrosia {unknown}

Dungeon Overview and Level Annotations

Branches:
Dungeon (4/15)
 Temple: D:4-7

Altars:

Shops:
D:2 *


Message History

You shoot an arrow.
The arrow barely misses the howler monkey.
The arrow barely misses the orc.
The howler monkey closely misses you. The gnoll hits you but does no damage.
You shoot an arrow. The arrow hits the howler monkey.
The howler monkey is lightly wounded.
The howler monkey hits you. The gnoll hits you but does no damage.
The howler monkey hoots and howls with incredible vigour!
You shoot an arrow.
The arrow barely misses the howler monkey.
The arrow closely misses the orc.
The gnoll hits you with a +0 whip. The orc closely misses you.
The howler monkey hits you but does no damage.
You shoot an arrow. The arrow hits the howler monkey!
The howler monkey is heavily wounded.
The gnoll hits you with a +0 whip.
The howler monkey hoots and howls with incredible vigour!
The orc closely misses you. The orc hits you with a +0 flail!
The howler monkey hits you but does no damage.
The gnoll barely misses you. You furiously retaliate!
You headbutt the gnoll! You shoot an arrow.
The arrow hits the gnoll but does no damage.
The gnoll is severely wounded.
The howler monkey closely misses you. You furiously retaliate!
You headbutt the howler monkey. The orc hits you with a +0 morningstar!
The gnoll closely misses you. You furiously retaliate!
You headbutt the gnoll.
You kill the gnoll!
The orc completely misses you. You furiously retaliate!
You headbutt the orc.
2241 ||| READING scroll of teleportation.
As you read the scroll of teleportation, it crumbles to dust.
You feel strangely unstable.
The giant cockroach waves its antennae.
The howler monkey hoots and howls with incredible vigour!
The orc hits you with a +0 morningstar. The orc barely misses you.
You furiously retaliate!
You headbutt the orc!
You kill the orc!
You shoot an arrow. The arrow hits the howler monkey.
You kill the howler monkey!
The orc hits you with a +0 morningstar!
You die...

#......#
##....#### .
############...#
..#..........%..##
..'.............#
..#.............#
#.............#
#...o.........#
#...)@###...###
#..ooB# #...#
#.....o. .....
#........ ..
+.........
##..####### #..
.<.


You could see 4 orcs and a giant cockroach.

Vanquished Creatures
  A howler monkey (D:4)
  Jessica (D:3)
  4 gnolls (D:4)
  4 adders (D:2)
  An ufetubus (D:4)
  4 worms (D:3)
  3 dart slugs
  4 orcs (D:4)
  5 endoplasms
  4 giant cockroaches
  8 goblins
  9 hobgoblins
  10 jackals
  3 quokkas
  8 ball pythons
  9 bats
  4 frilled lizards
  7 kobolds
  3 rats
92 creatures vanquished.

Notes
Turn   | Place    | Note
-------+----------+-------------------------------------------
     0 | D:1      | qw the Minotaur Hunter began the quest for the Orb.
     0 | D:1      | Reached XP level 1. HP: 18/18 MP: 0/0
     0 | D:1      | 0 ||| qw: Version: 0.2-a-117-gc6b5c8b
     0 | D:1      | 0 ||| qw: Game counter: 2466
     0 | D:1      | 0 ||| qw: Always use a shield: true
     0 | D:1      | 0 ||| qw: God list: Okawaru
     0 | D:1      | 0 ||| qw: Allow faded altars: false
     0 | D:1      | 0 ||| qw: Do Orc after D:15 true
     0 | D:1      | 0 ||| qw: Do second Lair branch before Depths: true
     0 | D:1      | 0 ||| qw: Lair rune preference: random
     0 | D:1      | 0 ||| qw: Plans: Normal
     0 | D:1      | 0 ||| PLANNING D:1-11
    57 | D:1      | 57 ||| FLEEEEING.
    61 | D:1      | 61 ||| FLEEEEING.
   124 | D:1      | Reached XP level 2. HP: 20/25 MP: 1/1
   192 | D:1      | Reached skill level 5 in Ranged Weapons
   202 | D:1      | 202 ||| FLEEEEING.
   203 | D:1      | 203 ||| FLEEEEING.
   360 | D:1      | Reached skill level 3 in Fighting
   560 | D:1      | Reached XP level 3. HP: 31/31 MP: 2/2
   728 | D:1      | 728 ||| UPGRADING to +0 ring mail.
   738 | D:1      | 738 ||| DROPPING +0 leather armour.
   739 | D:1      | 739 ||| READING scroll labelled LIFATIZ HAUMEM.
   740 | D:1      | 740 ||| READING scroll labelled FONYRI LA HAJ.
   741 | D:1      | 741 ||| READING scroll labelled FUS XUDGHEID.
   742 | D:1      | 742 ||| READING scroll labelled NYESMA BONO.
   743 | D:1      | 743 ||| DROPPING scroll of butterflies.
   799 | D:2      | 799 ||| FLEEEEING.
   800 | D:2      | 800 ||| FLEEEEING.
   801 | D:2      | 801 ||| FLEEEEING.
   802 | D:2      | 802 ||| FLEEEEING.
   803 | D:2      | 803 ||| FLEEEEING.
   894 | D:2      | Reached skill level 1 in Armour
   928 | D:2      | Found Osokagrat's General Store.
   936 | D:2      | 936 ||| SHOPLISTING +2 cloak of the Thief {*Fog Slay-2 SInv
                  | Stlth+} (221 gold, have 41).
  1074 | D:2      | Reached XP level 4. HP: 38/38 MP: 3/3
  1274 | D:2      | Reached skill level 6 in Ranged Weapons
  1611 | D:2      | 1611 ||| UPGRADING to ring of poison resistance.
  1612 | D:2      | 1612 ||| READING scroll labelled JIGRUC NIMO.
  1616 | D:2      | 1616 ||| READING scroll labelled DINWEO JAUN.
  1617 | D:2      | 1617 ||| DRINKING 2 glowing sapphire potions.
  1629 | D:3      | 1629 ||| STAIRDANCE
  1879 | D:3      | Noticed Jessica
  1896 | D:3      | Killed Jessica
  1897 | D:3      | Reached XP level 5. HP: 31/47 MP: 4/4
  2125 | D:3      | 2125 ||| READING scroll labelled JUUTSU QOARR.
  2126 | D:3      | 2126 ||| READING scroll labelled LIJU PECVOPPEKIUP.
  2127 | D:3      | 2127 ||| READING scroll labelled YWARRI MATE.
  2128 | D:3      | 2128 ||| READING scroll labelled QITECI SONNE.
  2191 | D:4      | Identified the +7 trident of Eternal Vigilance {freeze,
                  | Drain rCorr Stlth+}
  2240 | D:4      | HP: 7/47 [orc/+0 morningstar (10)]
  2241 | D:4      | 2241 ||| READING scroll of teleportation.
  2242 | D:4      | Slain by an orc

Levels and vault maps discovered:
D:1:      shiori_arrival_oz, layout_loops_ring
D:2:      layout_loops_corners, serial_shops, shop
D:3:      layout_rooms, uniq_jessica
D:4:      layout_gridville, temple_garden

Skill      XL: |  1  2  3  4 |
---------------+-------------+-----
Ranged Weapons | 5 6 |  6.7
Fighting       | 3 4 |  4.4
Armour         | 1 |  1.3
Dodging        | |  2.1
Stealth        | |  0.7

Action                     |  1- 3 |  4- 6 || total
---------------------------+-------+-------++-------
   Fire: Shortbow          |   106 |   153 ||   259
    Use: Scroll            |     4 |     7 ||    11
         Potion            |       |     1 ||     1
 Armour: Leather armour    |     1 |       ||     1
         Ring mail         |     4 |    22 ||    26
  Dodge: Dodged            |    28 |    40 ||    68

Table legend:
 A = Non-vault XP
 B = Vault XP
 C = Vault XP percentage of total XP
 D = Non-vault monster count
 E = Vault monster count
 F = Vault count percentage of total count
                 A         B        C        D         E       F
            +---------+---------+-------+---------+---------+-------
      Total |     333 |      40 |  10.7 |      89 |       3 |   3.3
            +---------+---------+-------+---------+---------+-------
        D:1 |      52 |       3 |   5.5 |      29 |       2 |   6.5
        D:2 |      98 |       0 |   0.0 |      29 |       0 |   0.0
        D:3 |      36 |      37 |  50.7 |      14 |       1 |   6.7
        D:4 |     147 |       0 |   0.0 |      17 |       0 |   0.0
            +---------+---------+-------+---------+---------+-------
